 Dungeon Crawl Stone Soup version 0.26.1-11-gd32895ea62 (webtiles) character file.

Game seed: 9042890616802206631

541 Zeld the Digger (level 7, -1/36 HPs)
             Began as a Gargoyle Earth Elementalist on Sept 7, 2021.
             Slain by an adder (4 damage)
             ... in a sewer.
             The game lasted 00:05:08 (5326 turns).

Zeld the Digger (Gargoyle Earth Elementalist)       Turns: 5326, Time: 00:05:09

Health: -1/36      AC:  7    Str: 12    XL:     7   Next: 26%
Magic:  12/12      EV: 12    Int: 17    God:
Gold:   204        SH:  0    Dex: 10    Spells: 3/13 levels left

rFire    . . .     SeeInvis .   a - +1 dagger (drain)
rCold    . . .     Faith    .   (no shield)
rNeg     + . .     Spirit   .   c - +0 robe
rPois    ∞         Reflect  .   (no helmet)
rElec    +         Harm     .   (no cloak)
rCorr    .         Rampage  .   (no gloves)
Will     .....                  (no boots)
Stlth    ++........             (no amulet)
HPRegen  0.12/turn              (no ring)
MPRegen  0.13/turn              (no ring)

@: no status effects
A: negative energy resistance 1, electricity resistance, unbreathing,
petrification resistance, miasma immunity, AC +4
a: no special abilities


You were in a sewer.
You visited 1 branch of the dungeon, and saw 5 of its levels.
You also visited: Sewer.

You collected 204 gold pieces.

Inventory:

Hand Weapons
 a - a +1 dagger of draining (weapon)
Missiles
 b - 164 stones (quivered)
Armour
 c - a +0 robe (worn)
Wands
 q - a wand of disintegration (11)
Scrolls
 e - a scroll of fog {unknown}
 f - 4 scrolls of remove curse
 g - a scroll of blinking {unknown}
 h - 2 scrolls of amnesia {unknown}
 i - 4 scrolls of teleportation {unknown}
 k - 2 scrolls of enchant weapon {unknown}
 l - 2 scrolls of identify {unknown}
 o - a scroll of random uselessness {unknown}
 r - a scroll of fear {unknown}
 s - a scroll of noise {unknown}
Potions
 d - a potion of invisibility
 j - a potion of degeneration {unknown}
 m - a potion of magic {unknown}
 n - 2 potions of brilliance {unknown}
 p - a potion of heal wounds {unknown}


   Skills:
 + Level 2.5 Armour
 + Level 2.5 Dodging
 + Level 3.8 Stealth
 * Level 3.9 Spellcasting
 + Level 2.2 Conjurations
 - Level 1.0 Transmutations
 * Level 5.7 Earth Magic


You had 3 spell levels left.
You knew the following spells:

 Your Spells              Type           Power        Failure   Level
a - Sandblast             Erth           46%          1%          1
b - Passwall              Tmut/Erth      11%          6%          2
c - Stone Arrow           Conj/Erth      34%          9%          3
d - Petrify               Tmut/Erth      14%          36%         4

Your spell library contained the following spells:

 Spells                   Type           Power        Failure   Level
 Lee's Rapid Deconstruct  Erth           11%          38%         5


Dungeon Overview and Level Annotations

Branches:
Dungeon (5/15)              Sewer (1/1)
 Temple: D:4-7

Altars:
Dithmenos
Ru
Yredelemnul
The Shining One


Innate Abilities, Weirdness & Mutations

You are resistant to torment.
Your stone body is resilient. (AC +4)
You are immune to poison.
You resist negative energy. (rN+)
You are resistant to electric shocks. (rElec)
You can survive without breathing.
You are immune to petrification.
You are immune to miasma.


Message History

Ouch! That really hurt!
A rat comes into view.
The rat bites you but does no damage. The adder completely misses you.
The ball python hisses angrily.
Found 9 gold pieces.
You barely miss the adder.
The sickly merfolk siren chants a haunting song.
You resist with almost no effort. The adder closely misses you.
The rat barely misses you.
You are too injured to fight recklessly!
You are too injured to fight recklessly!
You are too injured to fight recklessly!
Unknown command.
The rat twitches its whiskers.
The adder misses you.
The sickly merfolk siren hits you from afar with a +0 trident!
* * * LOW HITPOINT WARNING * * *
The sickly merfolk siren chants a haunting song.
You resist with some effort. The adder bites you.
You die...

####.≈≈≈###
†...≈≈≈≈∩∩#
###########
≈≈≈≈≈≈≈≈##########
####
≈..≈≈≈≈≈≈≈≈≈≈≈≈≈≈#
$$$#
.#############≈≈≈###
≈.. ##
#.#≈≈≈###r####
#.##≈≈Sr≈≈≈≈≈#
#..@Sr.r≈≈≈≈≈#
#######m..≈≈≈#
##...≈≈≈≈ ##...≈#
#####


You could see a sickly merfolk siren, an adder, a ball python and 4 rats.

Vanquished Creatures
  An ogre (D:5)
  A bullfrog zombie (D:5)
  3 hounds (D:4)
  An orc wizard (D:4)
  2 orc priests (D:3)
  Terence (D:3)
  An iguana (D:5)
  A worker ant (D:5)
  8 adders
  A worm (D:3)
  3 dart slugs
  3 leopard geckos
  13 orcs
  11 bats
  6 giant cockroaches
  7 goblins
  5 hobgoblins
  8 kobolds
  A quokka (D:2)
  3 frilled lizards
  15 rats
95 creatures vanquished.

Vanquished Creatures (others)
  A giant cockroach (D:3)
1 creature vanquished.

Grand Total: 96 creatures vanquished

Notes
Turn   | Place    | Note
-------+----------+-------------------------------------------
     0 | D:1      | Zeld the Gargoyle Earth Elementalist began the quest for
                  | the Orb.
     0 | D:1      | Reached XP level 1. HP: 10/10 MP: 3/3
    83 | D:1      | Reached XP level 2. HP: 9/15 MP: 5/5
   223 | D:1      | Reached skill level 1 in Transmutations
   403 | D:1      | Reached skill level 4 in Earth Magic
   595 | D:1      | Reached XP level 3. HP: 18/19 MP: 6/6
   671 | D:1      | Learned a level 2 spell: Passwall
   675 | D:1      | Learned a level 3 spell: Stone Arrow
  1395 | D:2      | Reached skill level 1 in Armour
  1401 | D:2      | Found a shadowy altar of Dithmenos.
  1528 | D:2      | Reached XP level 4. HP: 24/24 MP: 6/8
  2242 | D:3      | Reached skill level 1 in Conjurations
  2367 | D:3      | Reached XP level 5. HP: 21/28 MP: 9/9
  2507 | D:3      | Noticed Terence
  2525 | D:3      | Killed Terence
  2806 | D:2      | Found a sacrificial altar of Ru.
  3710 | D:3      | Found a basalt altar of Yredelemnul.
  3712 | D:3      | Noticed a profane servitor
  3729 | D:3      | Found a glowing golden altar of the Shining One.
  3731 | D:3      | Noticed an angel
  3889 | D:4      | Reached skill level 5 in Earth Magic
  3889 | D:4      | Reached XP level 6. HP: 32/32 MP: 7/10
  4086 | D:4      | Learned a level 4 spell: Petrify
  4761 | D:5      | Entered Level 5 of the Dungeon
  4916 | D:5      | Reached XP level 7. HP: 11/36 MP: 5/12
  5110 | D:5      | Found a glowing drain.
  5114 | Sewer    | Entered a sewer
  5326 | Sewer    | Slain by an adder

Illustrated notes

Levels and vault maps discovered:
D:1:      evilmike_arrival_fibonacci_small, layout_basic
D:2:      layout_basic, nicolae_overflow_hidden_temple
D:3:      layout_loops_ring, grunt_temple_overflow_holy_war, uniq_terence
D:4:      lemuel_upstairs_altar, layout_loops_cross, minmay_liquid_box
D:5:      layout_basic, serial_shops,
          nicolae_shop_temple_entry_statues_fountains, gup_sewer_entry_bowl,
          uniq_ijyb
Sewer:    sewer_sea

Skill      XL: |  1  2  3  4  5  6 |
---------------+-------------------+-----
Transmutations | 1 |  1.0
Earth Magic    | 4 5 |  5.7
Armour         | 1 2 |  2.5
Dodging        | 2 |  2.5
Conjurations   | 1 2 |  2.2
Stealth        | 3 |  3.8
Spellcasting   | 3 |  3.9

Action                   |  1- 3 |  4- 6 |  7- 9 || total
-------------------------+-------+-------+-------++-------
Melee: Dagger            |   114 |   134 |    32 ||   280
 Cast: Sandblast         |     4 |    48 |     5 ||    57
  Use: Scroll            |       |     1 |       ||     1
 Stab: Sleeping          |     1 |     3 |     2 ||     6
Armor: Robe              |    38 |    51 |     8 ||    97
Dodge: Dodged            |    95 |   117 |    28 ||   240
